Map: Cosmic Sapphire

Players

lOLatino

  • Race: Terran Terran
  • League: Silver
  • Spawn Location: 11:00

MatheusFS - Winner!

  • Race: Protoss Protoss
  • Spawn Location: 5:00

VOD

Have the link to the VOD?

Description

Time

  • Played on: Dec. 28, 2022, 12:50 p.m.
  • Length: 10:07
Show
View Real Time Build Order
Export as new Build Order

lOLatino Terran 

Build Orders:  

Get SALT Encoding   

  12  0:02  SCV  
  13  0:17  Supply Depot  
  13  0:18  SCV  
  14  0:30  SCV  
  15  0:40  Barracks  
  15  0:42  SCV  
  16  0:49  Refinery  
  16  0:52  Refinery  
  16  0:55  SCV  
  17  1:07  SCV  
  18  1:19  SCV  
  19  1:28  Supply Depot  
  19  1:31  SCV  
  20  1:52  Reaper  
  21  1:56  Barracks  
  21  2:01  SCV  
  22  2:14  Orbital Command  
  22  2:24  Reaper  
  23  2:38  Factory  
  23  2:39  SCV  
  24  2:49  Reaper, Supply Depot  
  25  2:51  SCV  
  26  3:03  SCV  
  27  3:13  Supply Depot  
  27  3:14  Reaper  
  28  3:21  Reaper  
  29  3:28  Hellion  
  29  3:32  Starport  
  31  3:46  Reaper  
  32  3:49  Hellion  
  32  3:53  Reaper  
  35  3:56  Supply Depot  
  35  4:11  Widow Mine  
  37  4:18  Reaper  
  36  4:25  Reaper  
  37  4:32  Hellion  
  38  4:50  Reaper  
  37  5:00  Factory Tech Lab  
  37  5:02  Starport Tech Lab  
  37  5:21  Command Center  
  37  5:24  Medivac  
  37  5:26  Siege Tank  
  42  5:31  Engineering Bay  
  42  5:37  Barracks Tech Lab, Marine  
  43  5:50  SCV  
  44  5:57  Armory  
  44  6:29  Missile Turret  
  44  6:32  Siege Tank  
  47  6:34  Refinery  
  47  6:41  SCV  
  47  6:44  SCV  
  49  6:50  Missile Turret  
  49  6:51  Refinery  
  49  6:54  SCV  
  50  6:56  SCV  
  50  6:57  Missile Turret  
  51  7:04  Cyclone  
  51  7:06  SCV  
  55  7:08  SCV  
  55  7:10  Bunker  
  55  7:12  Missile Turret  
  56  7:18  SCV  
  56  7:20  SCV  
  58  7:30  SCV  
  58  7:35  Missile Turret  
  58  7:36  Cyclone  
  62  7:42  Bunker  
  62  8:08  Siege Tank  
  65  8:13  Supply Depot  
  65  8:16  Factory  
  65  8:25  SCV  
  66  8:28  SCV  
  67  8:37  SCV  
  67  8:40  Cyclone, SCV  
  72  8:49  SCV  
  72  8:52  SCV  
  74  9:00  Factory  
  74  9:01  SCV  
  75  9:04  SCV  
  76  9:13  SCV  
  76  9:16  SCV  
  78  9:28  Orbital Command  
  77  9:34  Cyclone  
  76  9:43  Command Center  
  65  9:49  Supply Depot  
Show
View Real Time Build Order
Export as new Build Order

MatheusFS Protoss - Winner!

Build Orders: 1 Gate Expand 

Get SALT Encoding   

  12  0:01  Probe  
  13  0:13  Probe  
  14  0:24  Pylon  
  14  0:27  Probe  
  15  0:42  Probe  
  16  0:46  Gateway  
  16  0:55  Probe (Chrono Boost)  
  17  0:59  Assimilator  
  17  1:07  Probe (Chrono Boost)  
  18  1:12  Probe (Chrono Boost)  
  19  1:22  Probe  
  20  1:29  Nexus  
  20  1:47  Probe  
  20  1:48  Cybernetics Core  
  20  1:58  Assimilator  
  20  2:00  Probe  
  21  2:12  Probe  
  22  2:17  Pylon  
  22  2:24  Probe  
  22  2:27  Warp Gate (Chrono Boost), Stalker  
  25  2:38  Probe  
  26  2:50  Robotics Facility  
  26  2:51  Probe  
  27  3:03  Probe  
  28  3:09  Stalker (Chrono Boost)  
  30  3:15  Probe  
  30  3:17  Probe  
  32  3:28  Probe  
  32  3:29  Probe  
  32  3:33  Stalker (Chrono Boost)  
  36  3:39  Gateway  
  36  3:40  Gateway  
  36  3:44  Pylon  
  36  3:45  Probe x2  
  38  3:53  Observer  
  39  3:57  Probe  
  40  4:09  Probe  
  41  4:11  Probe  
  38  4:28  Stalker  
  34  4:44  Stalker x2  
  33  4:58  Probe  
  34  5:00  Probe  
  35  5:10  Probe  
  35  5:12  Probe  
  41  5:14  Immortal  
  41  5:22  Probe  
  41  5:23  Zealot x2  
  41  5:24  Probe, Zealot  
  49  5:34  Probe  
  50  5:36  Probe  
  51  5:48  Probe  
  52  5:50  Pylon  
  52  5:53  Pylon  
  52  5:56  Zealot  
  54  6:08  Immortal  
  54  6:10  Probe x2  
  60  6:22  Probe  
  60  6:23  Probe  
  62  6:26  Assimilator  
  62  6:28  Assimilator  
  62  6:41  Gateway  
  62  6:42  Gateway  
  62  6:43  Gateway  
  62  6:45  Gateway x2  
  62  6:48  Gateway  
  62  6:50  Gateway  
  62  6:55  Twilight Council  
  62  6:59  Warp Prism (Chrono Boost)  
  64  7:15  Probe  
  65  7:16  Probe  
  66  7:27  Probe  
  66  7:28  Probe  
  68  7:31  Charge (Chrono Boost)  
  68  7:43  Zealot x3  
  69  7:55  Pylon  
  69  7:57  Pylon  
  69  7:59  Pylon  
  69  8:02  Pylon  
  69  8:07  Templar Archives  
  64  8:30  Zealot x3  
  64  8:31  Zealot x7  
  83  9:11  High Templar x3  
  83  9:12  High Templar x6  
  83  9:15  Archon x3  
  83  9:16  Archon  
Tags
 
Add a new tag
Caveats
  • Supply blocks, unpowered buildings, or Contaminate may cause inaccurate times.
  • Supply counts are checked every 10 seconds.